 Dungeon Crawl Stone Soup version 0.19-a0-82-gd3566c2 (webtiles) character file.

672 Lugonue the Blocker (level 7, 0/87 HPs)
             Began as a Minotaur Fighter on May 14, 2016.
             Was an Initiate of Makhleb.
             Slain by an ogre
             ... wielding a +0 giant club
              (28 damage)
             ... on level 5 of the Dungeon.
             The game lasted 00:12:15 (3081 turns).

Lugonue the Blocker (Minotaur Fighter)              Turns: 3081, Time: 00:12:16

Health: 0/87       AC:  8    Str: 26    XL:     7   Next: 32%
Magic:  6/6        EV:  9    Int:  5    God:    Makhleb [......]
Gold:   122        SH: 12    Dex: 11    Spells: 0 memorised, 6 levels left

rFire  . . .     SeeInvis .     a - +0 long sword
rCold  . . .     Gourm    .     o - +0 ring mail
rNeg   . . .     Faith    .     c - +1 shield
rPois  +         Spirit   .     (helmet restricted)
rElec  .         Dismiss  .     (no cloak)
rCorr  .         Reflect  .     g - +1 pair of gloves
SustAt .         Harm     .     (no boots)
MR     .....                    h - amulet of rage
Stlth  ..........               (no ring)
                                (no ring)

@: berserking, very quick, not resistant to hostile enchantments, extremely
unstealthy
A: retaliatory headbutt, horns 2, poison resistance, evolution 1, subdued magic
1
a: Renounce Religion, Evoke Berserk Rage


You were on level 5 of the Dungeon.
You worshipped Makhleb.
Makhleb was noncommittal.
You were not hungry.

You visited 1 branch of the dungeon, and saw 5 of its levels.

You collected 122 gold pieces.

Inventory:

Hand Weapons
 a - a +0 long sword (weapon)
Armour
 c - a +1 shield (worn)
 g - a +1 pair of gloves (worn)
 o - a +0 ring mail (worn)
Jewellery
 h - an amulet of rage (around neck)
Scrolls
 j - a scroll of magic mapping
 k - a scroll of remove curse
 p - a scroll of enchant weapon {unknown}
Potions
 b - 2 potions of brilliance {unknown}
 e - 2 potions of agility {unknown}
 m - a potion of haste {unknown}
Comestibles
 d - 2 fruits
 f - 2 bread rations
 i - 3 meat rations
 n - a slice of pizza


   Skills:
 - Level 3.8 Fighting
 + Level 4.2 Long Blades
 + Level 6.2 Armour
 * Level 8.1 Shields


You had 6 spell levels left.
You didn't know any spells.

Dungeon Overview and Level Annotations

Branches:
Dungeon (5/15)
 Temple: D:4-7

Altars:
Makhleb
Nemelex Xobeh
Okawaru
Pakellas
Qazlal
Vehumet
Yredelemnul
Zin

Annotations:
D:3 Duffy's ghost, amateur GrTm


Innate Abilities, Weirdness & Mutations

You reflexively headbutt those who attack you in melee.
You have a pair of horns on your head.
Your system is resistant to poisons.
You evolve.
Your spells are a little easier to cast, but a little less powerful.


Message History

You block the ogre's attack.
You hit the ogre but do no damage. The ogre hits you with a giant club!
You barely miss the ogre. You headbutt the ogre.
The ogre is lightly wounded.
The ogre hits you with a giant club.
You barely miss the ogre.
The ogre is lightly wounded.
You block the ogre's attack.
You hit the ogre.
The ogre is moderately wounded.
You block the ogre's attack.
You hit the ogre.
The ogre is heavily wounded.
The ogre hits you with a giant club!!
* * * LOW HITPOINT WARNING * * *
Drink which item? (? for menu, Esc to quit)
A red film seems to cover your vision as you go berserk!
You feel yourself moving faster!
You feel mighty! The ogre hits you with a giant club!!
You die...

#### ### ....#### ##.### #######
.....#.# #....## #.....#
.....#.## ###### #.....# ##......
.....##.###....# #.....###.......
.....##...†....####.....##.......
.....#..###.....@O........>......
#.....## #...#########........##
###..## #..## ##†.......# ###..##
#.## #.........# ....## ###
#.........# ...## ##........#
##.# #........# ##.# ##......##
#..# ##.....#


You could see an ogre.

Vanquished Creatures
  The ghost of Stick the Chiller, an amateur DsIE (D:4)
  An ogre (D:4)
  A crimson imp (D:4)
  A giant frog zombie (D:5)
  A hound (D:4)
  An orc wizard (D:3)
  A centaur skeleton (D:4)
  A giant frog skeleton (D:4)
  2 worker ants (D:4)
  Robin (D:2)
  3 gnolls
  5 adders
  An ooze (D:1)
  4 worms
  A dart slug (D:4)
  2 giant geckos
  3 orcs (D:3)
  2 giant cockroaches
  13 goblins
  9 hobgoblins
  4 jackals (D:4)
  9 kobolds
  6 bats
  2 giant newts
  6 rats
81 creatures vanquished.

Notes
Turn   | Place    | Note
--------------------------------------------------------------
     0 | D:1      | Lugonue the Minotaur Fighter began the quest for the Orb.
     0 | D:1      | Reached XP level 1. HP: 19/19 MP: 0/0
   185 | D:1      | Reached XP level 2. HP: 27/27 MP: 1/1
   248 | D:1      | Reached skill level 4 in Shields
   500 | D:2      | Reached XP level 3. HP: 20/33 MP: 2/2
   837 | D:3      | Reached XP level 4. HP: 21/40 MP: 3/3
   840 | D:3      | Noticed Duffy's ghost (amateur GrTm)
   925 | D:1      | Reached skill level 5 in Shields
   964 | D:2      | Noticed Robin
  1004 | D:2      | Killed Robin
  1116 | D:2      | Reached XP level 5. HP: 35/46 MP: 4/4
  1144 | D:2      | Found a sparkling altar of Nemelex Xobeh.
  1146 | D:2      | Found a stormy altar of Qazlal.
  1418 | D:3      | Gained mutation: Your spells are a little easier to cast, but a little less powerful. [potion of mutation]
  1418 | D:3      | Gained mutation: You evolve. [potion of mutation]
  1418 | D:3      | Gained mutation: Your system is resistant to poisons. [potion of mutation]
  1473 | D:3      | Found a glowing silver altar of Zin.
  1483 | D:3      | Found an iron altar of Okawaru.
  1486 | D:3      | Found a basalt altar of Yredelemnul.
  1489 | D:3      | Found an oddly glowing altar of Pakellas.
  1881 | D:4      | Noticed an ogre
  1899 | D:4      | Killed an ogre
  1899 | D:4      | Reached skill level 5 in Armour
  1899 | D:4      | Reached skill level 6 in Shields
  1912 | D:4      | Reached XP level 6. HP: 30/52 MP: 5/5
  2021 | D:4      | Found a radiant altar of Vehumet.
  2026 | D:4      | Found a burning altar of Makhleb.
  2040 | D:4      | Became a worshipper of Makhleb the Destroyer
  2165 | D:4      | Reached skill level 7 in Shields
  2437 | D:4      | Noticed Stick's ghost (amateur DsIE)
  2451 | D:4      | Killed Stick's ghost
  2451 | D:4      | Reached XP level 7. HP: 45/58 MP: 6/6
  2922 | D:5      | Entered Level 5 of the Dungeon
  2968 | D:5      | Reached skill level 8 in Shields
  3081 | D:5      | Slain by an ogre

Vault maps used:
D:1:      lightli_arrival_windingriver, bh_walls_and_bars
D:2:      minitemple, uniq_robin
D:3:      grunt_temple_overflow_cloverleaf
D:4:      grunt_temple_overflow_lords_of_destruction, kennysheep_windowed_goal
D:5:      first_bread

Skill      XL: |  1  2  3  4  5  6  7 |
---------------+----------------------+-----
Shields        | 4 5 6 7 8 |  8.1
Armour         | 4 5 6 |  6.2
Long Blades    | 3 4 |  4.2
Fighting       | |  3.8

Action                   |  1- 3 |  4- 6 |  7- 9 || total
-------------------------+-------+-------+-------++-------
Melee: Long sword        |    81 |   175 |    26 ||   282
       Headbutt          |    17 |    27 |     6 ||    50
 Abil: Evoke Berserk Rag |       |     1 |       ||     1
  Use: Potion            |     1 |     5 |     1 ||     7
       Scroll            |       |     9 |       ||     9
  Eat: Chunk             |       |     5 |       ||     5
       Pizza             |       |       |     2 ||     2
Armor: Scale mail        |    33 |    55 |     4 ||    92
       Ring mail         |       |       |     3 ||     3
Dodge: Dodged            |    21 |    55 |     7 ||    83
Block: Shield            |    41 |   117 |    16 ||   174
